 Dungeon Crawl Stone Soup version 0.30-a0-567-gf7fd966b4a (webtiles) character file.

Game seed: 10370642720169744322

646 Barriton the Chucker (level 7, -1/58 HPs)
             Began as a Black Draconian Wanderer on Dec 28, 2022.
             Slain by a gnoll sergeant
             ... wielding a +0 trident
              (7 damage)
             ... on level 4 of the Dungeon.
             The game lasted 00:11:51 (3513 turns).

Barriton the Chucker (Black Draconian Wanderer)     Turns: 3513, Time: 00:11:53

Health: -1/58      AC: 10    Str: 16    XL:     7   Next: 27%
Magic:  8/9        EV: 12    Int: 11    God:
Gold:   222        SH:  0    Dex: 12    Spells: 8/9 levels left

rFire   x . .      SeeInvis .    f - +2 dagger (drain)
rCold   + . .      Faith    .    (no shield)
rNeg    . . .      Spirit   .    (body armour unavailable)
rPois   .          Reflect  .    d - +2 hat
rElec   +          Harm     .    (no cloak)
rCorr   .          Rampage  .    u - +1 pair of gloves
Will    .....                    (no boots)
Stlth   ++                       (no amulet)
HPRegen 0.29/turn                h - ring of ice
MPRegen 0.11/turn                (no ring)

@: attractive
A: breathe lightning, AC +6, unfitting armour, electricity resistance,
cold-blooded
a: Breathe Lightning


You were on level 4 of the Dungeon.
You visited 1 branch of the dungeon, and saw 4 of its levels.

You collected 222 gold pieces.

Inventory:

Hand Weapons
 a - a +2 dagger
 c - a +0 spear
 f - a +2 dagger of draining (weapon)
 l - a +0 giant spiked club
 m - a +0 scythe
Missiles
 b - 4 curare-tipped darts
 o - 3 boomerangs (quivered)
 t - 6 poisoned darts
Armour
 d - a +2 hat (worn)
 r - an orb of guile
 u - a +1 pair of gloves (worn)
Magical Staves
 g - a staff of earth
Jewellery
 h - a ring of ice (left hand)
Scrolls
 v - a scroll of identify
Potions
 e - a potion of lignification
 i - a potion of berserk rage {unknown}
 j - a potion of curing
 k - 2 potions of brilliance
 n - a potion of haste
 p - 2 potions of ambrosia
 q - 2 potions of flight
 s - a potion of might {unknown}
 w - a potion of attraction


   Skills:
 + Level 3.8 Fighting
 + Level 3.3 Short Blades
 + Level 2.4 Polearms
 + Level 4.4 Throwing
 + Level 2.5 Dodging
 + Level 2.9 Stealth
 + Level 1.5 Spellcasting
 + Level 1.4 Conjurations
 + Level 1.0 Evocations


You had 8 spell levels left.
You knew the following spells:

 Your Spells              Type           Power      Damage    Failure   Level
a - Magic Dart            Conj           16%        1d3       17%         1

Your spell library contained the following spells:

 Spells                   Type           Power      Damage    Failure   Level
 Searing Ray              Conj           8%         2d4       26%         2
 Apportation              Tloc           0%         N/A       30%         1
 Necrotise                Necr           0%         1d4       30%         1
 Summon Small Mammal      Summ           0%         N/A       30%         1
 Cigotuvi's Dreadful Rot  Necr/Pois/Air  0%         N/A       43%         2
 Poisonous Vapours        Pois/Air       0%         N/A       43%         2
 Sublimation of Blood     Necr           0%         N/A       43%         2
 Mephitic Cloud           Conj/Pois/Air  1%         N/A       58%         3
 Fulminant Prism          Conj/Hex       1%         3d5       92%         4
 Petrify                  Tmut/Erth      0%         N/A       97%         4
 Irradiate                Conj/Tmut      1%         3d12      99%         5
 Summon Forest            Summ/Tloc      0%         N/A       100%        5
 Summon Mana Viper        Hex/Summ       0%         N/A       100%        5
 Summon Cactus Giant      Summ           0%         N/A       100%        6


Dungeon Overview and Level Annotations

Branches:
Dungeon (4/15)
 Temple: D:4-7

Altars:
Elyvilon

Annotations:
D:2 Robin


Innate Abilities, Weirdness & Mutations

You can breathe wild blasts of lightning.
Your glossy black scales are hard. (AC +6)
You cannot fit into any form of body armour.
You are resistant to electric shocks. (rElec)
You are cold-blooded and may be slowed by cold attacks.


Message History

The gnoll barely misses you. The gnoll closely misses you.
The gnoll hits you but does no damage. The gnoll sergeant closely misses you.
There is an open door, spattered with blood here.
You see here a +0 short sword.
The gnoll attacks as you move away! The gnoll closely misses you.
An ogre comes into view. It is wielding a +0 giant club.
The gnoll hits you from afar with a +0 halberd!
* * * LOW HITPOINT WARNING * * *
The gnoll hits you but does no damage. The gnoll sergeant barely misses you.
Your magical contamination has completely faded away.
Found a viscous dark potion.
The ogre shouts!
There is an open door here.
Okay, then.
Casting: Magic Dart (safe; 17% risk of failure)
Confirm with . or Enter, or press ? or * to list all spells.
Aiming: Magic Dart (safe; 17% risk of failure)
Press: ? - help, Shift-Dir - straight line, f - gnoll
Aim: a gnoll, wielding a +0 halberd (100% to hit)
The magic dart hits the gnoll.
The gnoll is lightly wounded.
The gnoll hits you from afar with a +0 halberd!
* * * LOW HITPOINT WARNING * * *
It was a potion of attraction.
You feel attractive to monsters. The gnoll hits you but does no damage.
The gnoll is attracted toward you.
The gnoll hits you from afar with a +0 halberd.
* * * LOW HITPOINT WARNING * * *
The gnoll barely misses you. The gnoll is attracted toward you.
The ogre is attracted toward you. The gnoll attacks as you move away!
The gnoll hits you but does no damage.
The gnoll sergeant seems less drained.
The gnoll barely misses you. The gnoll closely misses you.
The gnoll is attracted toward you. x2
The gnoll sergeant is attracted toward you.
The gnoll misses you. The gnoll hits you but does no damage.
The gnoll sergeant is attracted toward you.
The gnoll is attracted toward you. The gnoll closely misses you.
The gnoll barely misses you.
The gnoll sergeant hits you with a +0 trident!
You die...

....###############......# #....
.#'##............).......# #....
.#..#..........))........# #....
.#..#....................# #....
.#..#....................# #....
.'..#....................####....
.#..#....##########..............
.#+##....#........#..............
.........#....gg@.#...........†..
.........#...§gg§.#..............
.........#.....O..######.......#'
.........######.§.# #.......#.
..#####.... ###...# #.......).
......#.....#.....######.......#.
......#.....#.....#.....O........
......# ....#.....'..............
..##.[# #.....#.........<....


You could see an ogre, a gnoll sergeant and 3 gnolls.

Vanquished Creatures
  Sigmund (D:2)
  Duvessa (D:4)
  An ogre (D:4)
  A scorpion (D:3)
  Dowan (D:4)
  4 adders
  6 gnolls
  A shadow imp (D:4)
  4 worms
  3 dart slugs
  An orc (D:3)
  5 bats
  5 endoplasms
  3 giant cockroaches (D:3)
  14 goblins
  9 hobgoblins
  3 jackals
  7 kobolds
  A quokka (D:2)
  10 ball pythons
  2 frilled lizards
  5 rats
88 creatures vanquished.

Notes
Turn   | Place    | Note
-------+----------+-------------------------------------------
     0 | D:1      | Barriton the Draconian Wanderer began the quest for the
                  | Orb.
     0 | D:1      | Barriton set off with the following items: a +2 dagger, 4
                  | curare-tipped darts, a +0 spear, a +0 hat, a potion of
                  | lignification.
     0 | D:1      | Reached XP level 1. HP: 17/17 MP: 1/1
   129 | D:1      | Reached skill level 3 in Throwing
   157 | D:1      | Reached XP level 2. HP: 24/24 MP: 2/2
   579 | D:2      | Noticed Sigmund
   598 | D:2      | Reached XP level 3. HP: 29/29 MP: 3/3
   613 | D:2      | Killed Sigmund
   614 | D:2      | Reached skill level 1 in Short Blades
   614 | D:2      | Reached skill level 4 in Throwing
   614 | D:2      | Reached skill level 1 in Dodging
   614 | D:2      | Reached XP level 4. HP: 20/37 MP: 4/4
   614 | D:2      | Reached XP level 5. HP: 24/44 MP: 5/5
  1029 | D:2      | Identified the +7 short sword "Riuf" {venom, *Rage rF++
                  | rN+}
  1186 | D:2      | Noticed Robin
  1500 | D:2      | Reached XP level 6. HP: 44/51 MP: 6/6
  1897 | D:3      | Learned a level 1 spell: Magic Dart
  2489 | D:3      | Found a white marble altar of Elyvilon.
  3232 | D:4      | Noticed Dowan
  3233 | D:4      | Noticed Duvessa
  3254 | D:4      | Killed Duvessa
  3255 | D:4      | Reached skill level 1 in Spellcasting
  3255 | D:4      | Reached skill level 1 in Conjurations
  3255 | D:4      | Your scales start taking on a glossy black colour.
  3255 | D:4      | Reached XP level 7. HP: 35/58 MP: 4/8
  3255 | D:4      | Gained mutation: You are resistant to electric shocks.
                  | (rElec) [Black Draconian growth]
  3257 | D:4      | Killed Dowan
  3513 | D:4      | Slain by a gnoll sergeant

Illustrated notes

Levels and vault maps discovered:
D:1:      eino_arrival_tree_alley, layout_rooms, st_stairs_3
D:2:      layout_basic, minmay_nonomino_d4, uniq_sigmund, uniq_robin
D:3:      layout_basic, elyvilon_altar_4
D:4:      layout_gridville, uniq_duvessa

Skill      XL: |  1  2  3  4  5  6 |
---------------+-------------------+-----
Throwing       | 3 4 |  4.4
Stealth        | 2 |  2.9
Short Blades   | 1 3 |  3.3
Dodging        | 1 2 |  2.5
Fighting       | 3 |  3.8
Spellcasting   | 1 |  1.5
Conjurations   | 1 |  1.4
Polearms       | |  2.4
Evocations     | |  1.0

Action                   |  1- 3 |  4- 6 |  7- 9 || total
-------------------------+-------+-------+-------++-------
Melee: Dagger            |    59 |   232 |    17 ||   308
       Punch             |     1 |     3 |       ||     4
       Tailslap          |     3 |    31 |     4 ||    38
Throw: Boomerang         |       |       |    10 ||    10
 Cast: Magic Dart        |       |    31 |    13 ||    44
 Abil: Breathe Lightning |       |       |     1 ||     1
  Use: Scroll            |       |     9 |       ||     9
       Potion            |       |     1 |     1 ||     2
 Stab: Sleeping          |     1 |     4 |       ||     5
Armor: Skin              |    14 |    78 |    10 ||   102
Dodge: Dodged            |    37 |   141 |    27 ||   205

Table legend: (Time is in decaauts)
 A = Elapsed time spent in this place.
 B = Non-inter-level travel time spent in this place.
 C = Inter-level travel time spent in this place.
 D = Time resting spent in this place.
 E = Time spent auto-exploring this place.
 F = Levels seen in this place.
 G = Mean time per level.
                   A        B        C        D        E       F      G
               +--------+--------+--------+--------+--------+-----+--------+
         Total |   3487 |   3382 |    105 |    103 |   2397 |   4 |  871.8 |
       Dungeon |   3487 |   3382 |    105 |    103 |   2397 |   4 |  871.8 |
               +--------+--------+--------+--------+--------+-----+--------+

Top non-repeatable levels by time:
     D:2: 1305 daAuts
     D:3: 1138 daAuts
     D:4: 523 daAuts
     D:1: 520 daAuts
